 Dungeon Crawl Stone Soup version 0.32-a0-39-g5c88369fb2 (webtiles) character file.

Game seed: 13512731674404577938

4056 vurker the Fighter (level 10, 0/78 HPs)
             Began as a Djinni Air Elementalist on Jan 30, 2024.
             Was a Follower of Makhleb.
             Killed from afar by an acid dragon (shapeshifter) (8 damage)
             ... with a splash of acid
             ... on level 9 of the Dungeon.
             The game lasted 00:06:53 (8756 turns).

vurker the Fighter (Djinni Air Elementalist)        Turns: 8756, Time: 00:06:54

Health: 0/78       AC:  9    Str:  7    XL:     10   Next: 48%
Gold:   293        EV: 16    Int: 20    God:    Makhleb [*.....] SH:  0 Dex: 15

rFire   + + .        t - staff of In Flagrante Delicto {^Drain rElec rN+++ rCorr Stlth+ Air}
rCold   x . .        (no shield)
rNeg    + + +        a - +0 robe
rPois   ∞            s - +1 helmet
rElec   +            m - +0 cloak
rCorr   +            (no gloves)
SInv    .            (boots unavailable)
Will    ++...        j - amulet of the acrobat
Stlth   +++          g - ring of willpower
HPRegen 0.33/turn    n - +4 ring of protection
MPRegen 0.00/turn

%: acrobat, infuse magic (-1 HP)
@: flying
A: sickness immunity, fire resistance 2, cold vulnerability 1, float, innate
caster, HP casting, extra vitality 1
a: Renounce Religion


You were on level 9 of the Dungeon.
You worshipped Makhleb.
Makhleb was aware of your devotion.
You visited 2 branches of the dungeon, and saw 10 of its levels.

You collected 488 gold pieces.
You spent 195 gold pieces at shops.

Inventory:

Hand Weapons
 z - the +1 dagger "Affabluu" {drain, Stlth+}
   (You found it on level 8 of the Dungeon)

   Stlth+:    It makes you more stealthy.
Armour
 a - a +0 robe (worn)
 m - a +0 cloak (worn)
 s - a +1 helmet (worn)
Magical Staves
 t - the staff of In Flagrante Delicto (weapon) {^Drain rElec rN+++ rCorr Stlth+ Air}
   (You found it on level 4 of the Dungeon)

   [staff of air]

   Base accuracy: +5 Base damage: 5 Base attack delay: 1.2 This weapon's minimum
   attack delay (0.6) is reached at skill level 12.
   rElec:     It insulates you from electricity.
   rN+++:     It renders you almost immune to negative energy.
   rCorr:     It protects you from acid and corrosion.
   ^Drain:    It drains your maximum health when unequipped.
   Stlth+:    It makes you more stealthy.
   Air:       It increases the power of your Air spells.
   It falls into the 'Staves' category.
   It is a one-handed weapon.
Jewellery
 g - a ring of willpower (left hand)
 j - an amulet of the acrobat (around neck)
 n - a +4 ring of protection (right hand)
Wands
 e - a wand of flame (13)
 w - a wand of light (3)
 y - a wand of charming (5)
Scrolls
 b - a scroll of noise {unknown}
 c - a scroll of fog {unknown}
 h - a scroll of enchant weapon {unknown}
 l - 2 scrolls of vulnerability {unknown}
 o - 2 scrolls of revelation {unknown}
 p - a scroll of torment {unknown}
 q - a scroll of immolation {unknown}
 r - 6 scrolls of teleportation {unknown}
 x - 2 scrolls of fear {unknown}
 C - a scroll of identify
Potions
 d - 2 potions of invisibility
 f - a potion of attraction {unknown}
 i - a potion of haste {unknown}
 k - a potion of heal wounds {unknown}
 u - a potion of might {unknown}
 v - 4 potions of curing
 A - a potion of magic {unknown}
 B - a potion of ambrosia {unknown}


   Skills:
 * Level 9.1 Fighting
 * Level 8.0 Dodging
 - Level 1.5 Stealth
 + Level 7.5 Spellcasting
 + Level 7.5 Conjurations
 + Level 7.5 Hexes
   Level 0.0 Charms
 + Level 7.5 Summonings
 + Level 7.5 Necromancy
 + Level 7.5 Translocations
   Level 0.0 Transmutations
 + Level 7.5 Fire Magic
 + Level 7.5 Ice Magic
 + Level 7.5 Air Magic
 + Level 7.5 Earth Magic
 + Level 7.5 Alchemy


You knew the following spells:

 Your Spells              Type           Power      Damage    Failure   Level
a - Shock                 Conj/Air       100%       1d9       1%          1
b - Static Discharge      Conj/Air       100%       3-8/arc   1%          2
c - Airstrike             Air            27%        2d(4-20)  4%          4
d - Swiftness             Air            54%        N/A       1%          3
e - Summon Small Mammal   Summ           100%       N/A       1%          1
f - Ensorcelled Hibernat  Hex/Ice        74%        N/A       1%          2
g - Searing Ray           Conj           74%        2d7       1%          2
h - Gell's Gravitas       Tloc           37%        N/A       1%          3
Your spell library was empty.

Dungeon Overview and Level Annotations

Branches:
Dungeon (9/15) Zot: 26865  Temple (1/1) D:6 Zot: 5981
   Lair: D:8-11         Orc: D:9-12

Altars:
Ashenzari
Cheibriados
Dithmenos
Elyvilon
Fedhas
Gozag
Hepliaklqana
Makhleb
Okawaru
Qazlal
Ru
Trog
Uskayaw
Wu Jian
Xom
Yredelemnul
Zin
The Shining One

Shops:
D:1 [   D:3 *   D:8 [


Innate Abilities, Weirdness & Mutations

You are immune to sickness and miasma.
You are immune to poison.
Your flesh is very heat resistant. (rF++)
You are vulnerable to cold. (rC-)
You float through the air rather than walking.
You learn spells naturally, not from books.
Your magical power is your life essence.
You have superior vitality. (+4 MHP)


Message History

You feel a surge of power!
The air twists around and strikes the centaur warrior!
* * * LOW HITPOINT WARNING * * *
The centaur warrior shoots an arrow.
The arrow barely misses you.
The centaur warrior shoots an arrow.
The arrow hits you!!
* * * LOW HITPOINT WARNING * * *
An orc comes into view. It is wielding a +0 short sword.
You take 28 damage, and have 14/78 hp.
MASSIVE DAMAGE!!
Casting: Airstrike (dangerous; 4% risk of failure)
Aiming: Airstrike (dangerous; 4% risk of failure)
Press: ? - help, Dir - move target, f/p - centaur warrior
Aim: a centaur warrior, wielding a +0 orcbow (moderately wounded, empty space bonus: 3/8)
You feel a surge of power!
The air twists around and strikes the centaur warrior!
* * * LOW HITPOINT WARNING * * *
An acid dragon comes into view.
You take 4 damage, and have 10/78 hp.
Casting: Airstrike (dangerous; 4% risk of failure)
Aiming: Airstrike (dangerous; 4% risk of failure)
Press: ? - help, Dir - move target, f/p - centaur warrior
Aim: a centaur warrior, wielding a +0 orcbow (heavily wounded, empty space bonus: 4/8)
You feel a surge of power!
The air twists around and strikes the centaur warrior!
* * * LOW HITPOINT WARNING * * *
The centaur warrior shoots an arrow.
The arrow closely misses you.
An orc comes into view. It is wielding a +0 hand axe.
You take 4 damage, and have 6/78 hp.
Casting: Airstrike (dangerous; 4% risk of failure)
Aiming: Airstrike (dangerous; 4% risk of failure)
Press: ? - help, Dir - move target, f/p - centaur warrior
Aim: a centaur warrior, wielding a +0 orcbow (severely wounded, empty space bonus: 4/8)
You feel a surge of power!
The air twists around and strikes the centaur warrior!
You kill the centaur warrior!
Makhleb accepts your kill.
You feel better.
* * * LOW HITPOINT WARNING * * *
The acid dragon spits acid at you. The splash of acid hits you! You resist.
You die...

#####.#.#.#.#
..........#.#
#####.#.###.#
#.#.# ## # #.# .#
#.#####.##
#......... #
#..###.###
#####.##.#..@..#
.........#..#..#
#####.##...###....
........#..#
.#)...
........#.....#
D..
...###.#####.###
o# ## ... ... o
#..⌠ .).# ...⌠
....


You could see an acid dragon (catching breath), an orc priest and an orc.

Vanquished Creatures
  A centaur warrior (D:9)
  A two-headed ogre (D:8)
  3 slime creatures (D:5)
  Sigmund (D:2)
  A wraith (D:6)
  Duvessa (D:5)
  An acid dragon (D:6)
  A water moccasin (D:7)
  2 ice beasts
  An ogre (D:6)
  2 centaurs
  A phantom (D:7)
  3 kobold brigands (D:5)
  A scorpion (D:4)
  4 bullfrogs
  A gnoll sergeant (D:7)
  3 wights (D:8)
  Dowan (D:5)
  2 howler monkeys (D:4)
  7 jellies
  3 hounds (D:6)
  2 bombardier beetles
  A gnoll bouda (D:8)
  An orc priest (D:8)
  3 iguanas
  8 orc wizards
  7 gnolls
  9 adders
  A shadow imp (D:5)
  2 white imps
  2 ufetubi (D:6)
  3 dart slugs
  3 ribbon worms
  34 orcs
  9 ball pythons
  11 endoplasms
  4 giant cockroaches
  4 goblins
  7 hobgoblins
  11 kobolds
  7 quokkas
  4 bats
  6 frilled lizards
  7 rats
187 creatures vanquished.

Notes
Turn   | Place    | Note
-------+----------+-------------------------------------------
     0 | D:1      | vurker the Djinni Air Elementalist began the quest for the
                  | Orb.
     0 | D:1      | vurker set off with the following spells memorised: Shock,
                  | Static Discharge, Swiftness, Airstrike.
     0 | D:1      | Reached XP level 1. HP: 15/15 MP: 0/0
   163 | D:1      | Reached XP level 2. HP: 17/22 MP: 0/0
   226 | D:1      | Found Opoanledd's Antique Armour Emporium.
   382 | D:1      | Reached skill level 1 in Fighting
   566 | D:1      | Reached XP level 3. HP: 22/27 MP: 0/0
   566 | D:1      | Learned a level 1 spell: Summon Small Mammal
  1182 | D:2      | Reached XP level 4. HP: 28/32 MP: 0/0
  1347 | D:2      | Found a faded altar of an unknown god.
  1554 | D:2      | Noticed Sigmund
  1569 | D:2      | Killed Sigmund
  1570 | D:2      | Reached skill level 2 in Fighting
  1570 | D:2      | Reached XP level 5. HP: 31/40 MP: 0/0
  1570 | D:2      | Learned a level 2 spell: Ensorcelled Hibernation
  1570 | D:2      | Reached XP level 6. HP: 35/45 MP: 0/0
  1784 | D:3      | Found Zin's Purification Station.
  1788 | D:3      | Found a glowing silver altar of Zin.
  1884 | D:3      | Identified the +6 war axe of Untruth {heavy, rElec Int+5
                  | Dex-2 Stlth+}
  2199 | D:3      | Reached skill level 3 in Fighting
  2668 | D:4      | Reached skill level 5 in Spellcasting
  2668 | D:4      | Reached skill level 5 in Conjurations
  2668 | D:4      | Reached skill level 5 in Hexes
  2668 | D:4      | Reached skill level 5 in Summonings
  2668 | D:4      | Reached skill level 5 in Necromancy
  2668 | D:4      | Reached skill level 5 in Translocations
  2668 | D:4      | Reached skill level 5 in Fire Magic
  2668 | D:4      | Reached skill level 5 in Ice Magic
  2668 | D:4      | Reached skill level 5 in Air Magic
  2668 | D:4      | Reached skill level 5 in Earth Magic
  2668 | D:4      | Reached skill level 5 in Alchemy
  3119 | D:4      | Identified the staff of In Flagrante Delicto {^Drain rElec
                  | rN+++ rCorr Stlth+ Air}
  3301 | D:4      | Reached XP level 7. HP: 45/50 MP: 0/0
  3301 | D:4      | Learned a level 2 spell: Searing Ray
  3421 | D:5      | Entered Level 5 of the Dungeon
  3437 | D:5      | HP: 2/50 [centaur/arrow (16)]
  3851 | D:5      | Reached skill level 4 in Fighting
  3883 | D:5      | Noticed Dowan
  3884 | D:5      | Noticed Duvessa
  4010 | D:1      | Bought a shiny helmet for 195 gold pieces
  4288 | D:5      | Killed Duvessa
  4289 | D:5      | Reached XP level 8. HP: 46/58 MP: 0/0
  4290 | D:5      | Killed Dowan
  4634 | D:5      | Reached skill level 5 in Fighting
  4877 | D:5      | Noticed a slime creature
  4878 | D:5      | Noticed a slime creature
  4893 | D:5      | Killed a slime creature
  4938 | D:5      | Found a blossoming altar of Fedhas.
  4938 | D:5      | Found a glowing silver altar of Zin.
  4938 | D:5      | Found a bloodstained altar of Trog.
  4938 | D:5      | Found a broken altar of Ashenzari.
  4938 | D:5      | Found a bloodstained altar of Trog.
  4938 | D:5      | Noticed a slime creature
  4958 | D:5      | Killed a slime creature
  4959 | D:5      | Reached skill level 6 in Fighting
  4959 | D:5      | Reached XP level 9. HP: 50/66 MP: 0/0
  4959 | D:5      | Learned a level 3 spell: Gell's Gravitas
  5711 | D:6      | Reached skill level 7 in Fighting
  5750 | D:6      | Reached skill level 5 in Dodging
  6189 | D:6      | Found a staircase to the Ecumenical Temple.
  6199 | Temple   | Entered the Ecumenical Temple
  6208 | Temple   | Became a worshipper of Makhleb the Destroyer
  6500 | D:6      | Found a sacrificial altar of Ru.
  7458 | D:7      | Reached skill level 8 in Fighting
  7491 | D:7      | Identified the +2 pair of boots "Fuff" {Str+5 Int+3}
  7494 | D:7      | Reached XP level 10. HP: 72/76 MP: 0/0
  7762 | D:7      | Found a glowing golden altar of the Shining One.
  7768 | D:7      | Found a basalt altar of Yredelemnul.
  7770 | D:7      | Noticed a profane servitor
  7807 | D:8      | Found a white marble altar of Elyvilon.
  7814 | D:8      | Reached * piety under Makhleb
  8180 | D:8      | Found a bloodstained altar of Trog.
  8275 | D:8      | Noticed a two-headed ogre
  8281 | D:8      | Killed a two-headed ogre
  8282 | D:8      | Reached skill level 9 in Fighting
  8353 | D:8      | Found Kapauczi's Armour Emporium.
  8614 | D:8      | Identified the +1 dagger "Affabluu" {drain, Stlth+}
  8749 | D:9      | Noticed a centaur warrior
  8756 | D:9      | Killed a centaur warrior
  8756 | D:9      | Killed from afar by an acid dragon (shapeshifter)

Illustrated notes

Levels and vault maps discovered:
D:1:      nagdon_arrival_double_spiral, layout_loops_ring, serial_shops, shop
D:2:      layout_loops_ring, hellmonk_ecumenical_altar_pennies_from_heaven,
          st_stairs_11, minmay_indecisive_spiral, uniq_sigmund
D:3:      layout_basic, zin_purify, serial_glass, glass_columns_b,
          glass_columns_a, kennysheep_boxes
D:4:      layout_gridville
D:5:      cheibrodos_fertilizer, layout_loops_ring, uniq_duvessa
D:6:      layout_loops_ring, nicolae_ru_the_path_less_chosen,
          minmay_temple_entry_crystal_x, cheibrodos_sewer_entry_bend
D:7:      layout_gridville, grunt_temple_overflow_holy_war, serial_rivers,
          chequers_serial_rivers_marsh, chequers_serial_rivers_marsh,
          chequers_serial_rivers_micro_d, chequers_serial_rivers_small_3,
          chequers_serial_rivers_micro_a, chequers_serial_rivers_micro_d
D:8:      layout_rooms, lemuel_round_altar, mainiacjoe_overflow_cross_hatched,
          kennysheep_little_box, serial_shops, nicolae_shop_stone
D:9:      layout_basic, minmay_chambers_of_fives
Temple:   eino_temple_lava

Skill      XL: |  1  2  3  4  5  6  7  8  9 10 |
---------------+-------------------------------+-----
Fighting       | 1 2 3 4 6 8 9 |  9.1
Spellcasting   | 4 5 6 7 |  7.5
Conjurations   | 4 5 6 7 |  7.5
Hexes          | 4 5 6 7 |  7.5
Summonings     | 4 5 6 7 |  7.5
Necromancy     | 4 5 6 7 |  7.5
Translocations | 4 5 6 7 |  7.5
Fire Magic     | 4 5 6 7 |  7.5
Ice Magic      | 4 5 6 7 |  7.5
Air Magic      | 4 5 6 7 |  7.5
Earth Magic    | 4 5 6 7 |  7.5
Alchemy        | 4 5 6 7 |  7.5
Dodging        | 3 6 8 |  8.0
Stealth        | |  1.5

Action                     |  1- 3 |  4- 6 |  7- 9 | 10-12 || total
---------------------------+-------+-------+-------+-------++-------
   Cast: Shock             |    66 |   103 |    95 |     9 ||   273
         Airstrike         |       |       |   111 |    47 ||   158
    Use: Scroll            |       |       |     4 |       ||     4
 Armour: Robe              |     1 |     4 |    20 |     4 ||    29
  Dodge: Dodged            |     3 |     6 |    31 |    13 ||    53

Table legend: (Time is in decaauts)
 A = Elapsed time spent in this place.
 B = Non-inter-level travel time spent in this place.
 C = Inter-level travel time spent in this place.
 D = Time resting spent in this place.
 E = Time spent auto-exploring this place.
 F = Levels seen in this place.
 G = Mean time per level.
                   A        B        C        D        E       F      G
               +--------+--------+--------+--------+--------+-----+--------+
         Total |   8757 |   8335 |    422 |    224 |   7316 |  10 |  875.7 |
       Dungeon |   8738 |   8332 |    406 |    224 |   7316 |   9 |  970.9 |
        Temple |     18 |      2 |     16 |      0 |      0 |   1 |   18.0 |
               +--------+--------+--------+--------+--------+-----+--------+

Top non-repeatable levels by time:
     D:5: 1767 daAuts
     D:6: 1299 daAuts
     D:4: 1162 daAuts
     D:1: 1002 daAuts
     D:7: 873 daAuts
     D:3: 862 daAuts
     D:2: 822 daAuts
     D:8: 814 daAuts
     D:9: 133 daAuts
  Temple: 18 daAuts
